General information
- name: BNet
- type: Ladder 1vs1/FFA
- host: Battle.net
- saver: spooltiurf
map: LostTemple
- players: 2
- length: 159:24
- speed: Fast
- version: 1.26 W3XP
- replay type: Public
» download(353 KB)
Players
team 1 (loser)
BladeMaster641 (
orange | 33 APM | 3714 actions | 110:58)
5 Death Knight
2 Death Coil
3 Unholy Aura
2 Dreadlord
1 Vampiric Aura
1 Sleep
» actions
| Assign group hotkey | 33 | |
| Basic commands | 5 | |
| Build / train | 129 | |
| Enter build submenu | 35 | |
| Enter hero's abilities submenu | 9 | |
| Give item / drop item | 3 | |
| Remove unit from queue | 11 | |
| Right click | 1387 | |
| Select / deselect | 833 | |
| Select group hotkey | 1121 | |
| Use ability | 141 | |
3714 total
» units
| Acolyte | 26 | |
| Ghoul | 18 | |
| Crypt Fiend | 4 | |
| Obsidian Statue | 1 | |
| Banshee | 3 | |
| Gargoyle | 7 | |
| Abomination | 3 | |
| Meatwagon | 3 | |
| Necromancer | 1 | |
| Frost Wyrm | 2 | |
| Goblin Sapper | 3 | |
| Goblin Zeppelin | 2 | |
73 total
» upgrades
| Unholy Armor | 3 | |
| Cannibalize | 1 | |
| Unholy Strength | 3 | |
| Creature Carapace | 3 | |
| Web | 1 | |
| Banshee Training | 2 | |
| Disease Cloud | 1 | |
| Ghoul Frenzy | 1 | |
| Necromancer Training | 1 | |
| Freezing Breath | 1 | |
| Creature Attack | 1 | |
18 total
» buildings
| Altar of Darkness | 1 | |
| Ziggurat | 17 | |
| Graveyard | 3 | |
| Crypt | 2 | |
| Nerubian Tower | 4 | |
| Tomb of Relics | 1 | |
| Halls of the Dead | 2 | |
| Spirit Tower | 3 | |
| Sacrificial Pit | 1 | |
| Slaughterhouse | 2 | |
| Temple of the Damned | 1 | |
| Black Citadel | 1 | |
| Necropolis | 1 | |
| Boneyard | 2 | |
41 total
» build order
00:08 Altar of Darkness
00:10 Ziggurat
00:36 Graveyard
00:42 Graveyard
00:59 Crypt
01:17 Nerubian Tower
01:22 Tomb of Relics
01:55 Ziggurat
04:23 Halls of the Dead
04:56 Ziggurat
05:34 Spirit Tower
05:54 Ziggurat
06:02 Ziggurat
06:56 Sacrificial Pit
07:00 Nerubian Tower
07:06 Spirit Tower
09:33 Slaughterhouse
09:37 Temple of the Damned
10:30 Black Citadel
17:07 Ziggurat
17:09 Ziggurat
17:14 Ziggurat
26:01 Ziggurat
26:02 Ziggurat
29:59 Ziggurat
30:28 Ziggurat
30:52 Nerubian Tower
31:13 Ziggurat
31:23 Spirit Tower
32:15 Nerubian Tower
33:39 Ziggurat
38:53 Slaughterhouse
38:58 Necropolis
40:24 Crypt
40:58 Boneyard
41:01 Boneyard
50:32 Graveyard
54:19 Ziggurat
54:20 Ziggurat
54:21 Ziggurat
61:28 Halls of the Dead
» items
| Potion of Healing | 1 | |
| Potion of Mana | 1 | |
| Sacrificial Skull | 1 | |
| Rod of Necromancy | 1 | |
| Scroll of Protection | 1 | |
| Potion of Lesser Invulnerability | 1 | |
| Staff of Teleportation | 1 | |
| Dust of Appearance | 1 | |
8 total
team 2 (winner)
spooltiurf (
yellow | 46 APM | 5104 actions | 110:58)
6 Archmage
2 Blizzard
3 Brilliance Aura
1 Mass Teleport
5 Blood Mage
3 Flame Strike
2 Siphon Mana
4 Mountain King
2 Storm Bolt
2 Bash
» actions
| Assign group hotkey | 103 | |
| Basic commands | 232 | |
| Build / train | 213 | |
| ESC pressed | 4 | |
| Enter build submenu | 97 | |
| Enter hero's abilities submenu | 16 | |
| Give item / drop item | 16 | |
| Remove unit from queue | 1 | |
| Right click | 1763 | |
| Select / deselect | 1420 | |
| Select group hotkey | 547 | |
| Use ability | 692 | |
5104 total
» units
| Peasant | 19 | |
| Goblin Shredder | 1 | |
| Goblin Zeppelin | 7 | |
| Priest | 12 | |
| Sorceress | 3 | |
| Dragonhawk Rider | 8 | |
| Flying Machine | 17 | |
| Knight | 3 | |
| Goblin Sapper | 11 | |
81 total
» upgrades
| Masonry | 3 | |
| Swords | 3 | |
| Armor | 3 | |
| Magic Sentry | 1 | |
| Sorceress Training | 2 | |
| Priest Training | 2 | |
| Animal War Training | 1 | |
| Flak Cannons | 1 | |
| Flying Machine Bombs | 1 | |
| Gunpowder | 3 | |
| Plating | 3 | |
| Barrage | 1 | |
| Cloud | 1 | |
25 total
» buildings
| Altar of Kings | 1 | |
| Farm | 22 | |
| Lumber Mill | 2 | |
| Arcane Vault | 2 | |
| Scout Tower | 90 | |
| Arcane Tower | 10 | |
| Guard Tower | 31 | |
| Town Hall | 4 | |
| Keep | 2 | |
| Blacksmith | 5 | |
| Castle | 2 | |
| Arcane Sanctum | 4 | |
| Gryphon Aviary | 7 | |
| Barracks | 6 | |
| Workshop | 3 | |
191 total
» build order
00:04 Altar of Kings
00:29 Farm
00:42 Lumber Mill
01:03 Farm
01:07 Arcane Vault
02:16 Scout Tower
02:52 Scout Tower
02:53 Arcane Tower
03:02 Scout Tower
03:03 Scout Tower
03:16 Scout Tower
03:17 Scout Tower
03:24 Scout Tower
03:33 Guard Tower
03:36 Scout Tower
03:40 Farm
03:46 Guard Tower
03:48 Scout Tower
03:50 Scout Tower
04:24 Guard Tower
04:26 Scout Tower
04:47 Guard Tower
04:47 Guard Tower
04:48 Guard Tower
04:49 Guard Tower
04:49 Guard Tower
04:49 Guard Tower
05:35 Town Hall
05:37 Scout Tower
05:41 Scout Tower
06:28 Scout Tower
06:30 Scout Tower
06:31 Scout Tower
06:33 Scout Tower
06:59 Arcane Tower
06:59 Guard Tower
07:02 Scout Tower
07:04 Scout Tower
07:06 Arcane Tower
07:21 Keep
07:50 Guard Tower
08:03 Scout Tower
08:03 Guard Tower
08:06 Guard Tower
08:14 Blacksmith
08:15 Blacksmith
08:16 Blacksmith
08:16 Blacksmith
08:51 Guard Tower
09:13 Farm
09:13 Farm
10:11 Castle
10:16 Arcane Sanctum
10:19 Gryphon Aviary
10:20 Gryphon Aviary
10:20 Gryphon Aviary
10:41 Arcane Sanctum
10:41 Arcane Sanctum
13:51 Gryphon Aviary
13:59 Barracks
15:09 Workshop
17:06 Scout Tower
18:54 Scout Tower
18:55 Scout Tower
18:56 Scout Tower
19:49 Arcane Tower
20:18 Guard Tower
20:20 Scout Tower
20:23 Scout Tower
20:24 Scout Tower
20:26 Scout Tower
20:27 Scout Tower
20:31 Scout Tower
20:33 Scout Tower
20:34 Scout Tower
20:36 Scout Tower
20:36 Scout Tower
20:40 Scout Tower
20:41 Scout Tower
20:41 Scout Tower
20:41 Scout Tower
20:42 Scout Tower
20:42 Scout Tower
20:43 Scout Tower
20:43 Scout Tower
20:43 Scout Tower
20:46 Town Hall
21:31 Guard Tower
21:33 Guard Tower
21:44 Guard Tower
22:29 Town Hall
23:17 Guard Tower
23:19 Scout Tower
23:21 Scout Tower
23:28 Scout Tower
23:31 Scout Tower
23:32 Scout Tower
23:34 Scout Tower
23:35 Scout Tower
23:36 Scout Tower
23:37 Scout Tower
24:03 Guard Tower
26:23 Guard Tower
26:24 Scout Tower
26:25 Scout Tower
26:26 Scout Tower
26:27 Scout Tower
29:09 Guard Tower
29:11 Scout Tower
29:12 Scout Tower
29:15 Scout Tower
29:16 Scout Tower
29:17 Scout Tower
30:18 Guard Tower
30:22 Lumber Mill
30:32 Town Hall
31:35 Guard Tower
32:24 Scout Tower
32:27 Scout Tower
32:28 Scout Tower
32:29 Scout Tower
32:30 Scout Tower
32:30 Scout Tower
33:36 Guard Tower
33:37 Guard Tower
33:41 Arcane Vault
33:46 Gryphon Aviary
33:51 Gryphon Aviary
33:55 Gryphon Aviary
34:19 Keep
34:24 Workshop
39:37 Farm
39:37 Farm
39:38 Farm
39:39 Farm
39:39 Farm
39:40 Farm
41:04 Scout Tower
41:06 Scout Tower
41:06 Scout Tower
41:08 Scout Tower
41:09 Scout Tower
41:14 Scout Tower
41:17 Scout Tower
41:18 Scout Tower
41:26 Farm
42:16 Castle
42:17 Guard Tower
42:18 Guard Tower
43:27 Guard Tower
47:22 Workshop
47:25 Farm
47:28 Farm
54:22 Scout Tower
54:23 Scout Tower
54:24 Scout Tower
54:25 Scout Tower
54:26 Scout Tower
54:26 Scout Tower
54:27 Scout Tower
54:29 Scout Tower
54:29 Scout Tower
54:30 Scout Tower
54:48 Scout Tower
54:50 Scout Tower
54:52 Scout Tower
54:53 Scout Tower
54:53 Scout Tower
56:20 Arcane Tower
56:22 Arcane Tower
56:23 Arcane Tower
56:24 Arcane Tower
56:25 Guard Tower
57:01 Arcane Tower
58:32 Farm
58:33 Farm
58:34 Farm
58:35 Farm
58:36 Farm
58:37 Farm
59:16 Arcane Tower
61:37 Blacksmith
67:07 Arcane Sanctum
79:06 Farm
79:07 Farm
85:18 Barracks
85:19 Barracks
85:20 Barracks
85:21 Barracks
85:23 Barracks
» items
| Mechanical Critter | 3 | |
| Lesser Clarity Potion | 5 | |
| Scroll of Regeneration | 6 | |
| Scroll of Town Portal | 11 | |
| Potion of Mana | 1 | |
| Potion of Healing | 3 | |
| Staff of Teleportation | 2 | |
| Periapt of Vitality | 2 | |
| Boots of Speed | 2 | |
| Scroll of Healing | 1 | |
| Potion of Lesser Invulnerability | 1 | |
| Staff of Sanctuary | 2 | |
| Orb of Fire | 1 | |
| Ivory Tower | 3 | |
43 total
Chat log
(00:14 / All) BladeMaster641: hi
(00:22 / All) BladeMaster641: you good with humans?
(01:33 / All) BladeMaster641: hey?
(31:35 / All) BladeMaster641: come on and fight this is boring
(31:45 / All) spooltiurf: leave noob? :D
(32:09 / All) BladeMaster641: you're a pussy that hides behind towers
(32:15 / All) spooltiurf: thanks i like your towers too
(32:16 / All) spooltiurf: :D
(32:28 / All) BladeMaster641: and not the one obessessed with em
(32:37 / All) spooltiurf: semantics
(32:46 / All) spooltiurf: youre free to leave :D
(37:01 / All) BladeMaster641: pussy
(37:07 / All) spooltiurf: L O L U M A D
(37:22 / All) BladeMaster641: such a prick
(37:26 / All) spooltiurf: k
(37:27 / All) spooltiurf: bye
(37:43 / All) spooltiurf: oh thought that was your last word before ragequit
(37:47 / All) spooltiurf: i wonder what it will be
(38:23 / All) spooltiurf: plz make skeles
(39:06 / All) spooltiurf: why make necromancers and not use them
(39:16 / All) BladeMaster641: to trip you out
(39:20 / All) spooltiurf: hey its your gold to waste
(39:24 / All) spooltiurf: by being over 50 food
(40:32 / All) spooltiurf: yoink
(40:48 / All) BladeMaster641: how old are you?
(40:55 / All) spooltiurf: 65 u?
(41:32 / All) spooltiurf: you didnt answer :(
(41:39 / All) BladeMaster641: less than 65
(41:47 / All) spooltiurf: sexy :)
(42:02 / All) BladeMaster641: whre are you from really
(42:09 / All) spooltiurf: your base
(42:23 / All) spooltiurf: i must really interest you
(42:26 / All) spooltiurf: is that why youre still here?
(42:32 / All) BladeMaster641: naaa
(42:39 / All) spooltiurf: they always deny
(43:02 / All) BladeMaster641: surprised?
(43:04 / All) spooltiurf: hey you still have gold
(43:07 / All) spooltiurf: in your main
(43:46 / All) BladeMaster641: and?
(43:52 / All) spooltiurf: you need to get on that
(44:04 / All) BladeMaster641: i know but some guy keeps being annoying
(44:10 / All) spooltiurf: leave?
(44:22 / All) spooltiurf: hai
(44:27 / All) spooltiurf: im coming
(44:45 / All) spooltiurf: must defend
(45:29 / All) spooltiurf: woo
(47:40 / All) spooltiurf: lol bone dragons
(47:52 / All) BladeMaster641: frost
(48:11 / All) spooltiurf: not gonna work
(48:49 / All) BladeMaster641: and why is that
(48:56 / All) spooltiurf: what do you expect them to do?
(49:12 / All) BladeMaster641: why don't you come find out?
(49:15 / All) spooltiurf: so
(49:19 / All) spooltiurf: you made frost wyrms for defense
(49:22 / All) spooltiurf: is that what youre saying?
(49:40 / All) BladeMaster641: you afraid to come near em?
(49:47 / All) spooltiurf: why would i need to
(49:56 / All) spooltiurf: i can just make you leave :D
(50:14 / All) BladeMaster641: I though harassing it all you did?
(50:25 / All) spooltiurf: i thought _____ is all you did
(50:28 / All) spooltiurf: you can use that for anything
(50:34 / All) BladeMaster641: ?
(50:44 / All) spooltiurf: if you cant counter harassment with undead you have no right to use a compuer
(50:46 / All) spooltiurf: computer
(51:23 / All) BladeMaster641: You are absolutely right.
(52:10 / All) spooltiurf: o hai
(52:43 / All) BladeMaster641: ?
(52:47 / All) spooltiurf: wat
(52:55 / All) BladeMaster641: your base vanished?
(52:59 / All) spooltiurf: its invisible
(53:05 / All) spooltiurf: dont you know humans are the masters of invisibility
(53:27 / All) BladeMaster641: they arent
(53:32 / All) spooltiurf: are too
(53:38 / All) spooltiurf: blizzard said so
(53:47 / All) BladeMaster641: sure
(55:17 / All) spooltiurf: noooo
(55:18 / All) spooltiurf: dont
(55:19 / All) spooltiurf: stop
(55:19 / All) spooltiurf: aah
(55:21 / All) spooltiurf: just kidding
(56:31 / All) spooltiurf: hai2u
(57:18 / All) spooltiurf: you cant lift those
(57:19 / All) spooltiurf: lol
(60:20 / All) spooltiurf: no no no
(60:45 / All) spooltiurf: :)
(62:06 / All) BladeMaster641: how much money you got?
(62:11 / All) spooltiurf: 50 golds
(62:15 / All) spooltiurf: :(
(62:18 / All) spooltiurf: u?
(63:05 / All) spooltiurf: fail.
(63:11 / All) BladeMaster641: intended
(63:18 / All) spooltiurf: you intended to feed exp to me?
(63:19 / All) spooltiurf: thanks
(63:24 / All) BladeMaster641: np
(63:36 / All) spooltiurf: youre still gonna leave
(63:51 / All) spooltiurf: but thats ok
(65:00 / All) BladeMaster641: You're really good besides being a prick
(65:10 / All) spooltiurf: you're terrible, and an internet tough guy
(65:14 / All) spooltiurf: so its funny
(65:25 / All) spooltiurf: now how about leavin
(65:44 / All) BladeMaster641: WC is anout battles, not building lego
(66:00 / All) spooltiurf: but you suck at it
(66:16 / All) BladeMaster641: Lol I don't build lego towers like you do
(66:26 / All) spooltiurf: so ALL you worry about is controlling your units in battle
(66:31 / All) spooltiurf: and you cant even do that?
(66:52 / All) BladeMaster641: And you can?
(67:00 / All) BladeMaster641: Not yet at least
(67:02 / All) spooltiurf: seemed to do just fine killing your shit
(67:13 / All) BladeMaster641: undefended
(67:23 / All) spooltiurf: oh the workers, yeah them too :D
(67:35 / All) spooltiurf: if you just want to control units with no thought of strategy, go play dota
(67:36 / All) spooltiurf: :D
(67:48 / All) spooltiurf: your units spawn automatically you dont have to think
(68:00 / All) BladeMaster641: Your strategy is turtling up
(68:06 / All) spooltiurf: only if you let me :D
(68:10 / All) BladeMaster641: And.. wait nothing else
(68:14 / All) spooltiurf: a smart player would have expanded all over the map
(68:20 / All) spooltiurf: but you didnt do that
(68:21 / All) BladeMaster641: You had to many already
(68:21 / All) spooltiurf: why is that?
(68:32 / All) BladeMaster641: I hate that map
(68:36 / All) spooltiurf: so leave
(68:37 / All) spooltiurf: dont cry
(68:47 / All) BladeMaster641: We should have a rematch on a small one
(68:54 / All) spooltiurf: already crying rematch?
(68:55 / All) spooltiurf: lol
(68:58 / All) spooltiurf: host it up
(69:03 / All) BladeMaster641: nope just saying
(69:08 / All) spooltiurf: now youre backpedalling
(69:08 / All) spooltiurf: nice
(69:12 / All) BladeMaster641: So we know who's actually netter
(69:26 / All) BladeMaster641: and you're jumping to conclusion too fast bud
(69:29 / All) spooltiurf: well i know who's "netter" because this is a strategy game, a game of intellect, and youre a dumbass
(69:43 / All) BladeMaster641: Bring it.
(69:45 / All) spooltiurf: now youre trying to convince me why you're good when you arent
(69:48 / All) spooltiurf: and thats cute :D
(70:01 / All) spooltiurf: soo
(70:04 / All) BladeMaster641: ...
(70:05 / All) spooltiurf: youre gonna sit on that expo?
(70:12 / All) spooltiurf: suit yourself..
(70:15 / All) BladeMaster641: I have no gold.
(70:21 / All) spooltiurf: and whos fault is that?
(70:30 / All) spooltiurf: you thought those frost wyrms were gonna save your day
(70:31 / All) BladeMaster641: ...
(70:41 / All) spooltiurf: i have 11770 ill loan you some
(70:42 / All) BladeMaster641: yea
(70:49 / All) spooltiurf: told you the frost wyrms were stupid
(71:02 / All) spooltiurf: but youre a dumbass, that what dumbasses do
(71:03 / All) BladeMaster641: and you probably spend over 100 000 over TPs
(71:11 / All) spooltiurf: i use a staff of teleportation bud
(71:20 / All) spooltiurf: its free :D
(71:27 / All) spooltiurf: i actually know how to conserve resources
(71:32 / All) spooltiurf: here ill leave you some tp scrolls
(71:38 / All) BladeMaster641: and play lego, yes I see.
(71:43 / All) spooltiurf: go sell em
(71:54 / All) spooltiurf: so you can haunt a mine
(71:55 / All) BladeMaster641: Listen up
(71:58 / All) spooltiurf: and dont say i never gave ya nothin
(72:04 / All) spooltiurf: this should be good...
(72:15 / All) BladeMaster641: lol listen
(72:18 / All) spooltiurf: waiting...
(72:26 / All) spooltiurf: impress me with your negotiating skills
(72:43 / All) BladeMaster641: I'll build an air as long as you don't destroy the EXP
(72:54 / All) spooltiurf: youre asking me to not destroy it
(73:01 / All) spooltiurf: after i gave you the money for it
(73:05 / All) spooltiurf: do you realize how dumb you sound?
(73:11 / All) BladeMaster641: then why would you give me TPS?
(73:17 / All) spooltiurf: thats what im saying
(73:24 / All) BladeMaster641: ?
(73:30 / All) spooltiurf: why would i destroy it, if the only reason i gave you the tp scrolls was out of pity
(73:41 / All) spooltiurf: god, why do you have dust of appearance
(73:52 / All) BladeMaster641: long time ago
(73:58 / All) spooltiurf: for what possible purpose
(74:16 / All) BladeMaster641: To see your invisible heros smartass
(74:27 / All) spooltiurf: dust is for blademasters
(74:30 / All) spooltiurf: you should know with your name
(74:39 / All) BladeMaster641: works with invisible units
(74:44 / All) spooltiurf: only if you know where they are
(75:12 / All) BladeMaster641: shades...
(75:14 / All) spooltiurf: so
(75:17 / All) spooltiurf: why would you need the dust then
(75:19 / All) spooltiurf: omg wow
(75:26 / All) spooltiurf: its like teaching retarded kids
(75:30 / All) BladeMaster641: You're crazy
(75:39 / All) spooltiurf: no, im intelligent, and you're a retard
(75:45 / All) spooltiurf: but it is fun
(75:48 / All) BladeMaster641: You're definitely better at this game
(75:52 / All) spooltiurf: ok
(75:53 / All) spooltiurf: bye
(75:56 / All) BladeMaster641: but you're fucked up
(76:06 / All) BladeMaster641: no offense
(76:09 / All) spooltiurf: :
(76:11 / All) spooltiurf: :D
(76:14 / All) BladeMaster641: Because you are really good
(76:15 / All) spooltiurf: so why are you still here?
(76:30 / All) BladeMaster641: To see if you'll come up and be a man?
(76:34 / All) spooltiurf: looooool
(76:39 / All) BladeMaster641: Bring your units
(76:41 / All) spooltiurf: I N T E R N E T T O U G H G U Y
(76:58 / All) BladeMaster641: ...yup
(78:29 / All) spooltiurf: nice
(79:14 / All) BladeMaster641: Hopefully one day you'll get laid.
(79:15 / All) spooltiurf: level 6 archmage
(79:20 / All) spooltiurf: i just got laid
(79:22 / All) spooltiurf: rawwwr
(79:29 / All) BladeMaster641: how many years ago?
(79:38 / All) spooltiurf: you just did it for me ;)
(79:39 / All) BladeMaster641: You must of forgotten
(79:48 / All) spooltiurf: why are you getting so angry anyway
(79:50 / All) spooltiurf: its only a game :D
(80:02 / All) BladeMaster641: I'm not.
(80:03 / All) BladeMaster641: ?
(80:05 / All) spooltiurf: you sound angry.
(80:14 / All) BladeMaster641: I would appreciate a rematch tho.
(80:19 / All) spooltiurf: no you're not mad at all
(80:20 / All) spooltiurf: lol
(80:26 / All) BladeMaster641: of course not
(80:38 / All) spooltiurf: rofl
(80:42 / All) spooltiurf: so you made an expo yet?
(80:51 / All) BladeMaster641: naa.
(81:08 / All) spooltiurf: so whatcha doin
(81:23 / All) BladeMaster641: Add me and we'll play another?
(81:33 / All) spooltiurf: i dont add noobs that think theyre hot shit
(82:00 / All) BladeMaster641: I don't think I am.
(82:10 / All) spooltiurf: why do you think you could hope to rematch me
(82:14 / All) BladeMaster641: Just wanna confirm you're amazingness.=, you know
(82:16 / All) spooltiurf: but host it up
(82:20 / All) spooltiurf: after you ragequit
(82:51 / All) BladeMaster641: Ok hot stuff.
(82:54 / All) spooltiurf: <3
(82:56 / All) spooltiurf: ragequit
(82:57 / All) BladeMaster641: You'll actually do it
(83:08 / All) BladeMaster641: smartass?
(83:11 / All) spooltiurf: yep you get to pick the retarded noob map you feel comfortable on too
(83:20 / All) spooltiurf: i can feel your anger...
(83:23 / All) spooltiurf: give in to hate....
(83:25 / All) spooltiurf: gooooood
(83:26 / All) spooltiurf: gooooood
(83:47 / All) BladeMaster641: I can feel your heart in destroying buildings
(83:55 / All) spooltiurf: my heart?
(84:01 / All) spooltiurf: <3
(84:03 / All) BladeMaster641: enthousiam
(84:10 / All) spooltiurf: buh bye
(84:24 / All) spooltiurf: enthousiam?
(84:33 / All) BladeMaster641: never heard?
(84:40 / All) spooltiurf: is it like enthusiasm?
(84:57 / All) BladeMaster641: Yup but without an s which I forgot
(85:04 / All) spooltiurf: and all of the letters mixed up
(85:22 / All) BladeMaster641: You seemed to get it.
(85:34 / All) spooltiurf: why the proper punctuation now?
(85:38 / All) spooltiurf: just want to show me that you can do it?
(85:52 / All) spooltiurf: well congrats, i guess. enjoy your community college
(85:55 / All) BladeMaster641: I'm making an effort so you don't get confused.
(86:13 / All) BladeMaster641: Not american,
(86:28 / All) spooltiurf: enjoy your quiche?
(86:30 / All) spooltiurf: :)
(86:48 / All) BladeMaster641: ?
(86:59 / All) BladeMaster641: They're not that good.
(87:50 / All) BladeMaster641: You went silent. Something wrong?
(87:58 / All) spooltiurf: masturbating
(87:59 / All) spooltiurf: shh
(88:15 / All) BladeMaster641: Right, not getting laid.
(88:21 / All) BladeMaster641: hahha :P
(88:41 / All) spooltiurf: playing you is better than getting laid :D
(88:48 / All) BladeMaster641: How does it feel to be American?
(88:56 / All) spooltiurf: fucking great we own everything
(89:15 / All) BladeMaster641: lol let's have a good talk about this.
(89:27 / All) spooltiurf: are you trying to find the chink in my armor? :D
(89:53 / All) BladeMaster641: :P I like talking with our -Ally-
(90:31 / All) BladeMaster641: Which is going to be less imposing than China within 10 years
(90:45 / All) BladeMaster641: How are you going to keep it up after?
(90:48 / All) spooltiurf: great i love chinese food
(91:02 / All) BladeMaster641: You know, not controlling everything?
(91:11 / All) spooltiurf: that makes me so sad
(91:15 / All) spooltiurf: i just want to masturbate again :D
(91:37 / All) BladeMaster641: Have fun doing that...
(91:45 / All) spooltiurf: rage quittin?
(91:57 / All) BladeMaster641: lol, change of direction.
(92:20 / All) BladeMaster641: USA, about to cumble upon it's own foolish capitalism
(92:30 / All) spooltiurf: and youll still be bald
(93:08 / All) spooltiurf: lalala raped
(93:13 / All) spooltiurf: i didnt lose a single unit
(93:15 / All) BladeMaster641: Angry?
(93:21 / All) spooltiurf: over winning?
(93:29 / All) BladeMaster641: Like every upset ameican
(93:32 / All) spooltiurf: lol
(93:34 / All) spooltiurf: youre trying too hard
(93:43 / All) spooltiurf: you kept begging me to come fight
(93:52 / All) spooltiurf: and in one fight, you lost your entire army, your heroes, and i didnt lose anything
(93:56 / All) BladeMaster641: yet I have nothing
(93:57 / All) spooltiurf: i just cant make you happy
(94:18 / All) BladeMaster641: right, change of subject again.
(94:22 / All) spooltiurf: hey man
(94:24 / All) spooltiurf: you asked
(94:24 / All) BladeMaster641: You were saying?
(94:26 / All) spooltiurf: i delivered
(94:31 / All) BladeMaster641: So congrats
(95:03 / All) BladeMaster641: lol
(95:12 / All) BladeMaster641: countdown
(95:14 / All) BladeMaster641: 3
(95:17 / All) BladeMaster641: 2
(95:19 / All) BladeMaster641: 1
(95:20 / All) spooltiurf: nah
(95:21 / All) BladeMaster641: boom
(95:27 / All) spooltiurf: ill let you do it
(95:34 / All) spooltiurf: that will be the same as leaving
(96:06 / All) BladeMaster641: Control your goblins?
(96:23 / All) spooltiurf: ill put them to autocast and pause
(96:35 / All) spooltiurf: all you have to do is unpause to end this painful game
(96:45 / All) spooltiurf: and autocast and pause....
(96:46 / All) spooltiurf: now
(96:50 / All) spooltiurf: lol
(96:52 / All) spooltiurf: fooled u
(97:01 / All) spooltiurf: you really want this game to end
(97:02 / All) spooltiurf: dont you?
(97:09 / All) BladeMaster641: Cmon. Rematch after.
(97:09 / All) spooltiurf: the classic thing to do here is plug pull
(97:16 / All) spooltiurf: host it up, noob :)
(97:27 / All) BladeMaster641: K geek.
(97:30 / All) spooltiurf: all you have to do is ragequit like i know you want to
(97:51 / All) BladeMaster641: Lol I'm waiting for you to blow it up.
(97:57 / All) spooltiurf: wont happen
(98:00 / All) spooltiurf: push alt-q-q
(98:10 / All) BladeMaster641: Then I'm not quiting.
(98:12 / All) BladeMaster641: Do it.
(98:16 / All) spooltiurf: works for me
(98:50 / All) BladeMaster641: K, I'll go take a nice long nap while you stubornlly wait.
(99:02 / All) spooltiurf: my record is 17 days
(99:17 / All) spooltiurf: you really want to roll them dice? :D
(99:32 / All) BladeMaster641: Then I'm sorry to disapoint you, I'm 17 and a half.
(99:47 / All) spooltiurf: rage quit kid?
(99:57 / All) BladeMaster641: Let's go old man.
(100:13 / All) BladeMaster641: You're an entertaining fellow I must say.
(100:14 / All) spooltiurf: thought you were gonna nap since your fragile ego wont allow you to ragequit
(101:28 / All) BladeMaster641: lol you're not crumbled to dust after that much living?
(101:51 / All) BladeMaster641: I'll go to your funeral.
(101:56 / All) BladeMaster641: :)
(102:10 / All) BladeMaster641: And let everone know how much of an epic WC player you were.
(103:08 / All) BladeMaster641: EH? You dead already?
(103:47 / All) BladeMaster641: Man, talk.
(106:27 / All) BladeMaster641: K...? You're obviously stuborn as hell. But won't you talk some more?
(109:26 / All) BladeMaster641: One day you'll know what life is about, whether or not you have to quit a game.